 Dungeon Crawl Stone Soup version 0.21.1-1-g345015f (webtiles) character file.

275 inc the Caller (level 6, 0/25 HPs)
             Began as a Felid Wizard on Feb 22, 2018.
             Was an Initiate of Gozag.
             Slain by a worker ant (3 damage)
             ... on level 6 of the Dungeon.
             The game lasted 00:15:27 (5246 turns).

inc the Caller (Felid Wizard)                       Turns: 5246, Time: 00:15:29

Health: 0/25       AC:  2    Str:  3    XL:     6   Next: 3%
Magic:  7/12       EV: 20    Int: 24    God:    Gozag
Gold:   581        SH:  0    Dex: 14    Spells: 9/12 levels left
                                        Lives:  0   Deaths: 1

rFire    . . .     SeeInvis +     - Unarmed
rCold    + . .     Gourm    .   (shield unavailable)
rNeg     . . .     Faith    .   (armour unavailable)
rPois    .         Spirit   .   (helmet unavailable)
rElec    .         Reflect  .   (cloak unavailable)
rCorr    .         Harm     .   (gloves unavailable)
MR       .....                  (boots unavailable)
Stlth    +++.......             (no amulet)
HPRegen  0.08/turn              l - +2 ring of intelligence
MPRegen  0.13/turn              o - ring of protection from cold

@: quick
A: very small, no armour, no weapons or thrown items, stealth, claws 1, fangs 3,
see invisible, carnivore, speed 1, shaggy fur 2, slow metabolism 1, sharp paws
a: Potion Petition, Call Merchant, Bribe Branch, Renounce Religion


You were on level 6 of the Dungeon.
You worshipped Gozag.
Gozag was pleased with you.
You were not hungry.

You visited 1 branch of the dungeon, and saw 6 of its levels.

You collected 581 gold pieces.

Inventory:

Jewellery
 l - a +2 ring of intelligence (left paw)
 o - a ring of protection from cold (right paw)
 q - an uncursed amulet of the gourmand
Wands
 h - a wand of paralysis (11)
Scrolls
 d - 2 scrolls of amnesia {unknown}
 e - a scroll of enchant armour {unknown}
 f - 2 scrolls of random uselessness {unknown}
 g - a scroll of noise {unknown}
 i - a scroll of immolation {unknown}
 m - 2 scrolls of enchant weapon {unknown}
 r - a scroll of teleportation {unknown}
 s - a scroll of blinking {unknown}
Potions
 c - a potion of invisibility
 j - a potion of might {unknown}
 k - a potion of lignification
 n - 2 potions of brilliance {unknown}
 p - 2 potions of flight
Books
 a - a book of Minor Magic

   Spells                             Type                      Level
   a - Magic Dart                     Conjuration                  1
   b - Blink                          Translocation                2
   c - Call Imp                       Summoning                    2
   d - Slow                           Hexes                        2
   e - Conjure Flame                  Conjuration/Fire             3
   f - Mephitic Cloud                 Conjuration/Poison/Air       3
Comestibles
 b - 4 rations


   Skills:
 - Level 1.0 Fighting
 - Level 5.0 Dodging
 - Level 2.6 Stealth
 - Level 1.4 Unarmed Combat
 + Level 3.8 Spellcasting
 - Level 1.1 Conjurations
 - Level 5.3 Summonings
   Level 1.5 Translocations


You had 9 spell levels left.
You knew the following spells:

 Your Spells              Type           Power        Failure   Level  Hunger
a - Magic Dart            Conj           ##..         6%          1    None
b - Call Imp              Summ           ####....     1%          2    #......


Dungeon Overview and Level Annotations

Branches:
Dungeon (6/15)             Temple (0/1) D:5

Altars:
Elyvilon
Gozag
Kikubaaqudgha
Ru

Annotations:
D:3 anp's ghost, amateur GnTm


Innate Abilities, Weirdness & Mutations

You cannot wear armour.
You are incapable of wielding weapons or throwing items.
Your paws allow you to move quietly. (Stealth)
You have sharp claws.
You have razor-sharp teeth.
You have supernaturally acute eyesight. (SInv)
You are carnivorous and can eat meat at any time.
You cover ground quickly.
You are covered in thick fur. (AC +2)
You have a slow metabolism.
Your sharp claws are effective at attacking unaware monsters.


Message History

You start resting.
Casting: Call Imp
Confirm with . or Enter, or press ? or * to list all spells.
A shadowy apparition takes form in the air.
Casting: Call Imp
Confirm with . or Enter, or press ? or * to list all spells.
A shadowy apparition takes form in the air.
The worker ant bites your white imp but does no damage.
Your white imp hits the worker ant.
Your white imp freezes the worker ant.
Your white imp disappears in a puff of smoke!
Your crimson imp closely misses the worker ant.
Your shadow imp barely misses the worker ant.
The worker ant bites you.
* * * LOW HITPOINT WARNING * * *
Your crimson imp hits the worker ant but does no damage.
Something barely misses your crimson imp.
The worker ant waves its antennae.
The worker ant bites you.
You die...
Your body crumbles into a pile of gold.

# .# .# #.# .##
###..##
....#####5a5..#
#.(...5.#@5.##
..###..####.#
#.<# #
.....!$##
....... .......
##Z.... .......
.......


You could see a worker ant, a friendly crimson imp and 2 friendly shadow imps.

Vanquished Creatures
  A phantom (D:4)
  An orc priest (D:4)
  2 adders
  An adder skeleton (D:4)
  An orc (D:4)
  4 bats
  3 giant cockroaches
  4 goblins
  2 hobgoblins
  3 jackals
  2 quokkas (D:3)
  A ball python (D:6)
  6 kobolds
  4 rats
35 creatures vanquished.

Vanquished Creatures (collateral kills)
  Menkaure (D:5)
  A centaur (D:5)
  A howler monkey (D:4)
  A bullfrog skeleton (D:5)
  2 hounds (D:5)
  A jelly (D:5)
  An orc wizard (D:4)
  An iguana (D:4)
  4 worker ants
  3 adders
  4 gnolls (D:4)
  A howler monkey skeleton (D:5)
  A shadow imp (D:5)
  A dart slug (D:5)
  A leopard gecko (D:4)
  2 orcs (D:4)
  A giant cockroach (D:5)
  A hobgoblin (D:3)
  2 quokkas (D:4)
  A kobold (D:3)
31 creatures vanquished.

Grand Total: 66 creatures vanquished

Notes
Turn   | Place    | Note
-------+----------+-------------------------------------------
     0 | D:1      | inc the Felid Wizard began the quest for the Orb.
     0 | D:1      | Reached XP level 1. HP: 7/7 MP: 5/5
     6 | D:1      | Reached skill level 1 in Conjurations
    83 | D:1      | Reached skill level 1 in Unarmed Combat
   418 | D:1      | Reached XP level 2. HP: 11/11 MP: 2/7
   422 | D:1      | Learned a level 2 spell: Call Imp
   488 | D:2      | Found a faded altar of an unknown god.
   499 | D:2      | Became a worshipper of Gozag Ym Sagoz the Greedy
  1399 | D:3      | Reached XP level 3. HP: 14/14 MP: 6/8
  1426 | D:3      | Found a white marble altar of Elyvilon.
  1634 | D:3      | Reached skill level 1 in Fighting
  1756 | D:3      | Noticed anp's ghost (amateur GnTm)
  1861 | D:3      | Found a sacrificial altar of Ru.
  1892 | D:3      | Found an ancient bone altar of Kikubaaqudgha.
  2369 | D:4      | Noticed a phantom
  2377 | D:4      | Noticed a phantom
  2383 | D:4      | Reached XP level 4. HP: 19/19 MP: 0/9
  3075 | D:5      | Entered Level 5 of the Dungeon
  3196 | D:5      | Noticed a centaur
  3208 | D:5      | Killed a centaur
  3208 | D:5      | Reached skill level 5 in Dodging
  3208 | D:5      | Reached XP level 5. HP: 20/22 MP: 3/10
  3665 | D:5      | Found a staircase to the Ecumenical Temple.
  3670 | D:5      | Noticed Menkaure
  3688 | D:5      | Killed Menkaure
  3688 | D:5      | Gained mutation: You are covered in thick fur. (AC +2) [Felid growth]
  3688 | D:5      | Reached XP level 6. HP: 6/25 MP: 1/11
  4175 | D:4      | Reached skill level 5 in Summonings
  4920 | D:4      | HP: 1/25 [orc wizard/magic dart (9)]
  4934 | D:4      | Killed from afar by an orc wizard
  4935 | D:4      | Reached XP level 5. HP: -8/22 MP: 2/11
  4974 | D:4      | Reached XP level 6. HP: 13/25 MP: 1/12
  5246 | D:6      | Slain by a worker ant

Skill      XL: |  1  2  3  4  5  6 |
---------------+-------------------+-----
Conjurations   | 1 |  1.1
Unarmed Combat | 1 |  1.4
Summonings     | 2 3 4 5 |  5.3
Fighting       | 1 |  1.0
Dodging        | 5 |  5.0
Stealth        | |  2.6
Spellcasting   | |  3.8
Translocations | |  1.5

Action                   |  1- 3 |  4- 6 || total
-------------------------+-------+-------++-------
Melee: Unarmed           |    15 |    46 ||    61
       Bite              |     2 |     2 ||     4
 Cast: Magic Dart        |    74 |    60 ||   134
       Call Imp          |    11 |    57 ||    68
  Use: Scroll            |       |     5 ||     5
       Potion            |       |     1 ||     1
 Stab: Sleeping          |     1 |       ||     1
       Distracted        |       |     3 ||     3
  Eat: Ration            |     1 |     4 ||     5
Armor: Skin              |       |     5 ||     5
Dodge: Dodged            |    27 |    68 ||    95
